 Dungeon Crawl Stone Soup version 0.28-a0-1382-g92835e5c71 (webtiles) character file.

Game seed: 657617829397421886

3585 ReploidZero the Thaumaturge (level 10, -9/72 HPs)
             Began as a Djinni Hedge Wizard on Jan 2, 2022.
             Was a Believer of Ashenzari.
             Mangled by an ogre (15 damage)
             ... on level 7 of the Dungeon.
             The game lasted 00:37:09 (10501 turns).

ReploidZero the Thaumaturge (Djinni Hedge Wizard)  Turns: 10501, Time: 00:37:10

Health: -9/72      AC:  4    Str:  9    XL:     10   Next: 31%
Gold:   177        EV: 13    Int: 20    God:    Ashenzari [**....] SH:  0 Dex: 15

rFire   + . .      SeeInvis +   k - +9 spear "Per Aspera Ad Scientiam" {holy, +Blink Fly Dex+2, Melee, Evo} (curse)
rCold   . . .      Faith    .   (no shield)
rNeg    . . .      Spirit   .   b - +0 robe
rPois   ∞          Reflect  .   c - +0 hat "Loss of the Heavens" {Range, Self} (curse)
rElec   .          Harm     .   i - +1 cloak of the Clairvoyant Moon {Self, Melee} (curse)
rCorr   .          Rampage  .   (no gloves)
Will    ++...                   (boots unavailable)
Stlth   ++........              (no amulet)
HPRegen 0.22/turn               h - ring of willpower
MPRegen 0.00/turn               o - ring of ice

@: on berserk cooldown, flying, slowed, studying Polearms, very slow
A: sickness immunity, fire resistance 2, cold vulnerability 1, float, innate
caster, hp casting, extra vitality 1
a: Renounce Religion, Evoke Blink, Shatter the Chains


You were on level 7 of the Dungeon.
You worshipped Ashenzari.
Ashenzari was pleased with you.
You visited 2 branches of the dungeon, and saw 8 of its levels.
You also visited: Ossuary.

You collected 177 gold pieces.

Inventory:

Hand Weapons
 a - a +0 dagger
 k - the cursed +9 spear "Per Aspera Ad Scientiam" (weapon) {holy, +Blink Fly Dex+2, Melee, Evo}
   (You found it on level 3 of the Dungeon)

   It has been blessed by the Shining One to cause great damage to the undead
   and demons.
   Dex:       It affects your dexterity (+2).
   Fly:       It grants you flight.
   +Blink:    It lets you blink.
   It has a curse which improves the following skills: Melee Combat: Short
   Blades, Long Blades, Axes, Maces & Flails, Polearms, Staves and Unarmed
   Combat.
   Evocations: Evocations.
Armour
 b - a +0 robe (worn)
 c - the cursed +0 hat "Loss of the Heavens" (worn) {Range, Self}

   It has a curse which improves the following skills: Ranged Combat: Slings,
   Bows, Crossbows and Throwing.
   Introspection: Fighting and Spellcasting.
 i - the cursed +1 cloak of the Clairvoyant Moon (worn) {Self, Melee}
   (You found it on level 2 of the Dungeon)

   It has a curse which improves the following skills: Introspection: Fighting
   and Spellcasting.
   Melee Combat: Short Blades, Long Blades, Axes, Maces & Flails, Polearms,
   Staves and Unarmed Combat.
Jewellery
 h - a ring of willpower (left hand)
 o - a ring of ice (right hand)
Wands
 m - a wand of digging (4)
Scrolls
 d - a scroll of teleportation
 f - 4 scrolls of enchant armour
 w - 3 scrolls of identify
 x - 5 scrolls of blinking
Potions
 e - a potion of attraction
 g - 2 potions of magic
 l - a potion of invisibility
 n - a potion of resistance
 p - a potion of flight
Miscellaneous
 s - a condenser vane (inert)


   Skills:
 + Level 4.0(6.2) Fighting
 + Level 4.9(7.1) Polearms
 + Level 2.8 Dodging
 - Level 1.5 Stealth
 - Level 10.0(12.3) Spellcasting
 - Level 1.6(2.7) Evocations


You had 12 spell levels left.
You knew the following spells:

 Your Spells              Type           Power      Damage    Failure   Level
a - Magic Dart            Conj           100%       1d8       1%          1
b - Blink                 Tloc           100%       N/A       1%          2
c - Call Imp              Summ           57%        N/A       1%          2
d - Slow                  Hex            100%       N/A       1%          1
e - Conjure Flame         Conj/Fire      57%        6-21      1%          3
f - Mephitic Cloud        Conj/Pois/Air  57%        N/A       1%          3
g - Sting                 Tmut/Pois      100%       1d8       1%          1
h - Ensorcelled Hibernat  Hex/Ice        100%       N/A       1%          2
i - Tukima's Dance        Hex            57%        N/A       1%          3
j - Teleport Other        Tloc           57%        N/A       1%          3
Your spell library was empty.

Dungeon Overview and Level Annotations

Branches:
Dungeon (7/15)             Temple (1/1) D:4         Ossuary (visited)

Altars:
Ashenzari
Cheibriados
Dithmenos
Elyvilon
Fedhas
Gozag
Hepliaklqana
Kikubaaqudgha
Makhleb
Nemelex Xobeh
Okawaru
Qazlal
Ru
Sif Muna
Trog
Uskayaw
Vehumet
Wu Jian
Xom
Yredelemnul
Zin
The Shining One

Shops:
D:4 :[

Annotations:
D:3 Grinder


Innate Abilities, Weirdness & Mutations

You are immune to sickness and miasma.
You are immune to poison.
Your flesh is very heat resistant. (rF++)
You are vulnerable to cold. (rC-)
You float through the air rather than walking.
You learn spells naturally, not from books.
Your magical power is your life essence.
You have superior vitality. (+4 MHP)


Message History

The wyvern is almost dead.
You barely miss the wyvern.
The wyvern is almost dead.
The wyvern barely misses you.
You puncture the wyvern!
You kill the wyvern!
Your base Fighting skill increases to level 4!
Calm down first, please.
Calm down first, please.
d - a scroll of teleportation You now have 177 gold pieces (gained 9).
Items here: ( )))) [ †††††††.
An ogre comes into view. It is wielding a +0 giant spiked club.
You are too berserk!
You feel a strong urge to attack something.
You are no longer berserk.
You are exhausted.
You feel yourself slow down.
Items here: $ (( )))) [[[[[.
Reach: k) +9 spear "Per Aspera Ad Scientiam" {holy, +Blink Fly Dex+2, Melee, Evo} (curse)
Press: ? - help, Dir - move target, f - ogre
Aim: an ogre, wielding a +0 giant spiked club (about 17% to evade the cursed +9 spear "Per Aspera Ad Scientiam")
You reach to attack!
You puncture the ogre!
The ogre is moderately wounded.
A bullfrog comes into view.
The ogre closely misses you.
Items here: ( )))) [ †††††††.
Casting: Tukima's Dance (safe; 1% risk of failure)
Confirm with . or Enter, or press ? or * to list all spells.
Okay, then.
Unknown command.
Casting: Tukima's Dance (safe; 1% risk of failure)
Confirm with . or Enter, or press ? or * to list all spells.
Aiming: Ensorcelled Hibernation (safe; 1% risk of failure)
Press: ? - help, Shift-Dir - straight line, f/p - ogre
Aim: an ogre, wielding a +0 giant spiked club (moderately wounded, chance to affect: 71%)
You feel a surge of power!
The ogre struggles to resist.
* * * LOW HITPOINT WARNING * * *
The ogre hits you with a +0 giant spiked club!
You die...

, , * * , *
* * , , , *
* , ,* ** ,
,* , **
*##♣ ♣## *
* *#@♣ ♣.#
, , *
#O♣♣♣.# , *
, #[♣.♣.# ,
, *
{#)♣.♣.# ,
,
,*{#.(.c.#*
,* ,
,##♣'♣## *
,
#..<..#,*,*
, ,
+..8F.', *
*,
#..>..#.# *
,


You could see an ogre.

Vanquished Creatures
  A wyvern (D:7)
  Sigmund (D:2)
  A wraith (D:7)
  A vampire mosquito (D:7)
  A sky beast (D:5)
  2 black bears
  An ogre (D:4)
  An ice beast (D:5)
  3 centaurs (D:7)
  6 kobold brigands
  An elf zombie (Ossuary)
  A gnoll sergeant (D:7)
  2 bullfrogs (D:7)
  2 scorpions
  A water moccasin skeleton (D:6)
  2 wights
  2 howler monkeys
  A bullfrog zombie (D:6)
  A jelly (D:3)
  2 hounds
  Crazy Yiuf (D:3)
  2 centaur skeletons
  2 gnoll shamans (D:7)
  Terence (D:3)
  8 iguanas
  2 orc wizards
  Natasha (thrice) (D:3)
  2 hound skeletons
  3 mummies (Ossuary)
  A howler monkey zombie (D:6)
  4 gnolls (D:4)
  6 adders
  2 shadow imps (D:7)
  3 white imps
  3 ufetubi
  3 worms
  5 dart slugs
  13 orcs
  A ball python (D:3)
  4 bats (D:2)
  7 endoplasms
  3 giant cockroaches
  3 goblins
  7 hobgoblins
  2 jackals (D:4)
  20 kobolds
  4 quokkas
  4 frilled lizards
  A gnoll zombie (Ossuary)
  6 goblin zombies (Ossuary)
  A hobgoblin zombie (Ossuary)
  4 kobold zombies (Ossuary)
  4 quokka zombies
  4 rats
  3 rat zombies (Ossuary)
175 creatures vanquished.

Vanquished Creatures (collateral kills)
  Menkaure (D:4)
  2 orc warriors (D:7)
  2 wights (D:4)
5 creatures vanquished.

Vanquished Creatures (others)
  A dancing weapon (D:4)
  8 plants (D:7)
9 creatures vanquished.

Grand Total: 189 creatures vanquished

Notes
Turn   | Place    | Note
-------+----------+-------------------------------------------
     0 | D:1      | ReploidZero the Djinni Hedge Wizard began the quest for the
                  | Orb.
     0 | D:1      | Reached XP level 1. HP: 15/15 MP: 0/0
   375 | D:1      | Reached XP level 2. HP: 15/21 MP: 0/0
   477 | D:1      | Reached skill level 3 in Spellcasting
  1112 | D:2      | Reached XP level 3. HP: 18/25 MP: 0/0
  1112 | D:2      | Learned a level 1 spell: Sting
  1262 | D:2      | Found a faded altar of an unknown god.
  1712 | D:2      | Reached XP level 4. HP: 31/31 MP: 0/0
  1840 | D:2      | Noticed Sigmund
  1857 | D:2      | Killed Sigmund
  1858 | D:2      | Reached skill level 4 in Spellcasting
  1858 | D:2      | Reached XP level 5. HP: 18/35 MP: 0/0
  1858 | D:2      | Learned a level 2 spell: Ensorcelled Hibernation
  1858 | D:2      | Reached XP level 6. HP: 21/40 MP: 0/0
  2504 | D:3      | Reached skill level 5 in Spellcasting
  2681 | D:3      | Noticed Grinder
  2788 | D:3      | Noticed Natasha
  3082 | D:3      | Found a runed translucent door.
  3083 | D:3      | Noticed Crazy Yiuf
  3135 | D:3      | Found a bloodstained altar of Trog.
  3145 | D:3      | Found an opulent altar of Gozag.
  3380 | D:3      | Identified the +9 spear of Causality {holy, +Blink Fly
                  | Dex+2}
  3496 | D:3      | Noticed Terence
  3512 | D:3      | Killed Natasha
  3577 | D:3      | Killed Terence
  3792 | D:3      | Noticed Natasha
  3803 | D:3      | Killed Natasha
  4058 | D:3      | Noticed Natasha
  4093 | D:3      | Killed Crazy Yiuf
  4094 | D:3      | Reached XP level 7. HP: 18/45 MP: 0/0
  4094 | D:3      | Learned a level 3 spell: Tukima's Dance
  4307 | D:3      | Killed Natasha
  4558 | D:4      | Found a staircase to the Ecumenical Temple.
  4576 | D:4      | Found Wenotaff's Armour Emporium.
  4596 | Temple   | Entered the Ecumenical Temple
  4993 | Temple   | Became a worshipper of Ashenzari the Shackled
  5079 | D:3      | Reached skill level 6 in Spellcasting
  5431 | D:4      | Noticed Menkaure
  5443 | D:4      | Killed Menkaure
  5810 | D:4      | Found Girekh's Book Boutique.
  5938 | D:4      | Reached XP level 8. HP: 47/50 MP: 0/0
  5974 | D:4      | Identified the +6 hunting sling "Newtslayer" {speed,
                  | Fragile rF++ rN+ Str+4}
  6087 | D:4      | Reached skill level 7 in Spellcasting
  6946 | D:5      | Entered Level 5 of the Dungeon
  7392 | D:5      | Reached skill level 8 in Spellcasting
  7414 | D:5      | Found a sand-covered staircase.
  7421 | Ossuary  | Entered an ossuary
  8133 | D:5      | Reached XP level 9. HP: 35/55 MP: 0/0
  8133 | D:5      | Learned a level 3 spell: Teleport Other
  8341 | D:5      | Reached * piety under Ashenzari
  8946 | D:6      | Reached skill level 9 in Spellcasting
  9279 | D:6      | Reached ** piety under Ashenzari
  9301 | D:6      | Reached skill level 1 in Evocations
  9679 | D:6      | Reached skill level 1 in Polearms
  9733 | D:6      | Reached skill level 1 in Fighting
 10409 | D:7      | Reached XP level 10. HP: 41/66 MP: 0/0
 10426 | D:7      | Identified the cursed +1 cloak of the Clairvoyant Moon
                  | {Self, Melee} (You found it on level 2 of the Dungeon)
 10426 | D:7      | Identified the cursed +0 hat "Loss of the Heavens" {Range,
                  | Self}
 10483 | D:7      | Reached skill level 10 in Spellcasting
 10501 | D:7      | Mangled by an ogre

Illustrated notes

Levels and vault maps discovered:
D:1:      amcnicky_arrival_double_pillar, layout_basic
D:2:      layout_basic, serial_aquarium, aquarium_bridge_straight
          [aquarium_subvault_bridge, aquarium_subvault_balcony,
          aquarium_subvault_bridge, aquarium_subvault_balcony],
          aquarium_window_1, aquarium_window_1, aquarium_window_2,
          aquarium_window_fake, aquarium_view_2b, aquarium_balcony_double_2,
          hellmonk_ecumenical_altar_zigzags, uniq_sigmund
D:3:      layout_basic, mainiacjoe_overflow_catwalk_spiral, uniq_grinder,
          uniq_terence, uniq_crazy_yiuf_cottage, uniq_natasha
D:4:      layout_loops_ring, temple_fountains, serial_shops,
          nicolae_shop_temple_entry_statues_fountains,
          nicolae_shop_window_shopping, corexii_hall_statues_t,
          kennysheep_opposing_triangles, uniq_menkaure
D:5:      layout_basic, enter_ossuary_4
D:6:      layout_loops_corners, chequers_serial_rivers_large_b,
          ebering_dispersal_statue_hall
D:7:      nzn_winding_woodlands_stair_cross [nzn_winding_woodlands_5x15_parted,
          nzn_winding_woodlands_center_garden, nzn_winding_woodlands_5x15_cabin,
          nzn_winding_woodlands_5x5_three, nzn_winding_woodlands_5x5_cross,
          nzn_winding_woodlands_5x15_eye,
          nzn_winding_woodlands_center_pierced_h,
          nzn_winding_woodlands_5x15_default], layout_loops_cross,
          nicolae_take_the_stairs, minmay_microvault
Temple:   mainiacjoe_temple_big_plus

Skill      XL: |  1  2  3  4  5  6  7  8  9 10 |
---------------+-------------------------------+-----
Spellcasting   | 3 4 5 6 8 9 10 | 10.0
Evocations     | 1 |  1.6
Polearms       | 3 4 |  4.9
Fighting       | 2 4 |  4.0
Dodging        | |  2.8
Stealth        | |  1.5

Action                   |  1- 3 |  4- 6 |  7- 9 | 10-12 || total
-------------------------+-------+-------+-------+-------++-------
Melee: Dagger            |    16 |    47 |       |       ||    63
       Spear             |       |    19 |   257 |    41 ||   317
Throw: Dart              |       |       |     2 |     2 ||     4
 Cast: Magic Dart        |    37 |       |     6 |     3 ||    46
       Sting             |    23 |    56 |    59 |       ||   138
       Mephitic Cloud    |       |     6 |    37 |     5 ||    48
       Slow              |       |     3 |     2 |       ||     5
       Ensorcelled Hiber |       |     2 |       |     1 ||     3
       Call Imp          |       |     1 |     1 |       ||     2
       Tukima's Dance    |       |       |    10 |     2 ||    12
       Blink             |       |       |     1 |       ||     1
       Teleport Other    |       |       |     3 |       ||     3
Invok: Curse Item        |       |       |     3 |       ||     3
Evoke: Condenser vane    |       |       |     1 |       ||     1
  Use: Scroll            |     6 |     2 |     6 |     1 ||    15
       Potion            |       |       |     7 |     4 ||    11
 Stab: Sleeping          |       |     2 |     6 |       ||     8
       Confused          |       |       |    11 |       ||    11
       Distracted        |       |       |     1 |       ||     1
Armor: Robe              |    10 |    21 |    46 |     2 ||    79
       Skin              |       |       |    22 |    25 ||    47
Dodge: Dodged            |    24 |    47 |   103 |    10 ||   184

Table legend: (Time is in decaauts)
 A = Elapsed time spent in this place.
 B = Non-inter-level travel time spent in this place.
 C = Inter-level travel time spent in this place.
 D = Time resting spent in this place.
 E = Time spent auto-exploring this place.
 F = Levels seen in this place.
 G = Mean time per level.
                   A        B        C        D        E       F      G
               +--------+--------+--------+--------+--------+-----+--------+
         Total |  10513 |  10026 |    487 |      0 |   8360 |   9 | 1168.1 |
       Dungeon |   9630 |   9172 |    458 |      0 |   7615 |   7 | 1375.7 |
        Temple |    427 |    398 |     29 |      0 |    388 |   1 |  427.0 |
       Ossuary |    454 |    454 |      0 |      0 |    357 |   1 |  454.0 |
               +--------+--------+--------+--------+--------+-----+--------+

Top non-repeatable levels by time:
     D:4: 1973 daAuts
     D:3: 1841 daAuts
     D:2: 1689 daAuts
     D:6: 1596 daAuts
     D:5: 1329 daAuts
     D:1: 1024 daAuts
 Ossuary: 454 daAuts
  Temple: 427 daAuts
     D:7: 175 daAuts
